 Dungeon Crawl Stone Soup version 0.28-a0-500-g121bc3e445 (webtiles) character file.

Game seed: 2001640734595814202

501 frimble the Stinger (level 7, -3/41 HPs)
             Began as an Octopode Venom Mage on Sept 20, 2021.
             Slain by a black bear (4 damage)
             ... on level 6 of the Dungeon.
             The game lasted 00:05:40 (5685 turns).

frimble the Stinger (Octopode Venom Mage)           Turns: 5685, Time: 00:05:40

Health: -3/41      AC:  1    Str: 10 (13) XL:     7   Next: 17%
Magic:  7/10       EV: 13    Int: 18 (19) God:
Gold:   1801       SH:  0    Dex: 12 (13) Spells: 5/10 levels left

rFire   . . .      SeeInvis .   e - +1 dagger
rCold   . . .      Faith    .   (no shield)
rNeg    . . .      Spirit   .   (helmet restricted)
rPois   +          Reflect  .   (no amulet)
rElec   .          Harm     .   b - +6 ring of strength
rCorr   .          Rampage  .   d - ring of poison resistance
Will    .....                   (no ring)
Stlth   +++.......              (no ring)
HPRegen 0.13/turn               (no ring)
MPRegen 0.12/turn               (no ring)
                                (no ring)
                                (no ring)

@: no status effects
A: almost no armour, amphibious, 8 rings, camouflage 1, gelatinous body 1,
(nimble swimmer 1), tentacles
a: no special abilities


You were on level 6 of the Dungeon.
You visited 1 branch of the dungeon, and saw 6 of its levels.

You collected 1801 gold pieces.

Inventory:

Hand Weapons
 e - a +1 dagger (weapon)
Missiles
 a - 6 curare-tipped darts
 i - 44 poisoned darts
Armour
 c - a +0 buckler
Jewellery
 b - a +6 ring of strength (left tentacle)
 d - a ring of poison resistance (right tentacle)
Scrolls
 g - a scroll of enchant armour
 k - a scroll of fog
Potions
 f - a potion of degeneration
 h - 2 potions of curing
 j - 3 potions of heal wounds {unknown}
 l - 2 potions of ambrosia {unknown}


   Skills:
 + Level 3.7 Short Blades
 - Level 2.2 Dodging
 - Level 3.3 Stealth
 + Level 3.5 Shields
 - Level 2.1 Spellcasting
 - Level 1.3 Transmutations
 + Level 6.1 Poison Magic


You had 5 spell levels left.
You knew the following spells:

 Your Spells              Type           Power      Damage    Failure   Level
a - Sting                 Tmut/Pois      60%        1d6       3%          1
b - Olgreb's Toxic Radia  Pois           24%        N/A       14%         4

Your spell library contained the following spells:

 Spells                   Type           Power      Damage    Failure   Level
 Poisonous Vapours        Pois/Air       26%        N/A       8%          2
 Spider Form              Tmut/Pois      7%         N/A       12%         3
 Mephitic Cloud           Conj/Pois/Air  9%         N/A       22%         3
 Ensorcelled Hibernation  Hex/Ice        2%         N/A       26%         2


Dungeon Overview and Level Annotations

Branches:
Dungeon (6/15)
 Temple: D:4-7

Altars:


Innate Abilities, Weirdness & Mutations

You cannot wear most types of armour.
You are amphibious.
You can wear up to eight rings at the same time.
Your skin changes colour to match your surroundings (Stealth+).
Your rubbery body absorbs attacks. (AC +1, EV +1)
((You are camouflaged near water. (Stealth+)))
You have tentacles for arms and can constrict up to eight enemies at once.


Message History

The black bear closely misses you. The black bear claws you. x2
You are too injured to fight recklessly!
You are too injured to fight recklessly!
You are too injured to fight recklessly!
You are too injured to fight recklessly!
You are too injured to fight recklessly!
You are too injured to fight recklessly!
You are too injured to fight recklessly!
Casting: Sting (safe; 3% risk of failure)
Confirm with . or Enter, or press ? or * to list all spells.
Aiming: Sting (safe; 3% risk of failure)
Press: ? - help, Shift-Dir - straight line, f - black bear
Aim: a black bear (moderately wounded, constricted by you, 100% to hit)
The sting hits the black bear.
The black bear is poisoned.
The black bear is heavily wounded.
You constrict the black bear. The black bear bites you!
The black bear claws you. x2
* * * LOW HITPOINT WARNING * * *
Casting: Sting (safe; 3% risk of failure)
Confirm with . or Enter, or press ? or * to list all spells.
Aiming: Sting (safe; 3% risk of failure)
Press: ? - help, Shift-Dir - straight line, f/p - black bear
Aim: a black bear (heavily wounded, constricted by you, poisoned, 100% to hit)
The sting hits the black bear.
The black bear looks even sicker.
The black bear is heavily wounded.
You constrict the black bear, but do no damage.
The black bear closely misses you. The black bear misses you.
The black bear claws you.
* * * LOW HITPOINT WARNING * * *
Casting: Sting (safe; 3% risk of failure)
Confirm with . or Enter, or press ? or * to list all spells.
Aiming: Sting (safe; 3% risk of failure)
Press: ? - help, Shift-Dir - straight line, f/p - black bear
Aim: a black bear (heavily wounded, constricted by you, very poisoned, 100% to hit)
The sting hits the black bear.
The black bear looks even sicker.
The black bear is severely wounded.
You constrict the black bear. The black bear bites you!
* * * LOW HITPOINT WARNING * * *
The black bear barely misses you. The black bear claws you.
You die...

## .. #. #.
#.###.########
#.....h......+
#### #@######
...# #.##...##
###...#
#....^.<#
.......
##########...##
.>......
.............+
..# ..
#######.##...#
<.###.#
#.##...#
......#.
#.######
........ #.#


You could see a black bear (very poisoned).

Vanquished Creatures
  A sky beast (D:4)
  A scorpion (D:4)
  A hound (D:5)
  An orc priest (D:4)
  A bullfrog skeleton (D:6)
  A centaur skeleton (D:4)
  3 iguanas
  A hound zombie (D:5)
  7 adders
  An ufetubus (D:4)
  An adder skeleton (D:4)
  3 worms
  4 dart slugs
  5 orcs (D:4)
  4 ball pythons
  2 endoplasms
  3 giant cockroaches
  4 goblins
  5 hobgoblins
  8 jackals
  2 quokkas (D:4)
  4 bats
  3 frilled lizards
  3 kobolds
  5 rats
74 creatures vanquished.

Vanquished Creatures (others)
  A withered plant (D:1)
1 creature vanquished.

Grand Total: 75 creatures vanquished

Notes
Turn   | Place    | Note
-------+----------+-------------------------------------------
     0 | D:1      | frimble the Octopode Venom Mage began the quest for the
                  | Orb.
     0 | D:1      | Reached XP level 1. HP: 11/11 MP: 3/3
   358 | D:1      | Found a faded altar of an unknown god.
  1069 | D:2      | Identified 2 scrolls of acquirement
  1069 | D:2      | Acquired 1079 gold pieces
  1071 | D:2      | Acquired 553 gold pieces
  1074 | D:2      | Reached XP level 2. HP: 17/17 MP: 5/5
  1472 | D:2      | Reached skill level 4 in Poison Magic
  1524 | D:2      | Reached XP level 3. HP: 18/21 MP: 6/6
  2163 | D:3      | Reached skill level 1 in Short Blades
  2561 | D:3      | Reached skill level 1 in Shields
  2561 | D:3      | Reached XP level 4. HP: 27/27 MP: 7/7
  3021 | D:4      | Noticed a scorpion
  3672 | D:4      | Reached XP level 5. HP: 26/31 MP: 8/8
  3739 | D:4      | Noticed a sky beast
  3759 | D:4      | Killed a sky beast
  3760 | D:4      | Reached skill level 5 in Poison Magic
  4076 | D:4      | Reached XP level 6. HP: 36/36 MP: 4/9
  4311 | D:4      | You fall into a shaft and drop 2 floors!
  4317 | D:6      | Learned a level 4 spell: Olgreb's Toxic Radiance
  4335 | D:5      | Entered Level 5 of the Dungeon
  5288 | D:5      | Reached skill level 6 in Poison Magic
  5288 | D:5      | Reached XP level 7. HP: 35/41 MP: 10/10
  5685 | D:6      | HP: 1/41 [black bear (7)]
  5685 | D:6      | Slain by a black bear

Illustrated notes

Levels and vault maps discovered:
D:1:      dpeg_arrival_rooms_c, layout_loops_cross,
          shapermc_ecumenical_altar_flowoftime
D:2:      layout_loops_ring
D:3:      minmay_diamond_boxcup, layout_basic, chequers_arboretum, dk_vineyard_2
D:4:      layout_basic, grunt_decor_mini_mirrors, kennysheep_potato
D:5:      layout_gridville, chequers_serial_rivers_micro_e
D:6:      layout_basic, serial_shops, shop_statue,
          hangedman_abyss_or_decor_stagger

Skill      XL: |  1  2  3  4  5  6 |
---------------+-------------------+-----
Stealth        | 3 |  3.3
Poison Magic   | 4 5 6 |  6.1
Short Blades   | 1 2 3 |  3.7
Shields        | 1 2 3 |  3.5
Dodging        | |  2.2
Spellcasting   | |  2.1
Transmutations | |  1.3

Action                   |  1- 3 |  4- 6 |  7- 9 || total
-------------------------+-------+-------+-------++-------
Melee: Unarmed           |    12 |       |       ||    12
       Constrict         |    17 |    14 |     3 ||    34
       Tentacles         |    12 |    16 |     1 ||    29
       Dagger            |    44 |    71 |    13 ||   128
 Cast: Sting             |    15 |    17 |     5 ||    37
       Olgreb's Toxic Ra |       |     2 |       ||     2
  Use: Scroll            |     6 |     4 |       ||    10
       Potion            |       |     3 |       ||     3
 Stab: Sleeping          |     7 |    11 |       ||    18
       Distracted        |     1 |       |       ||     1
Armor: Skin              |     6 |     9 |     1 ||    16
Dodge: Dodged            |    41 |    54 |    13 ||   108

Table legend: (Time is in decaauts)
 A = Elapsed time spent in this place.
 B = Non-inter-level travel time spent in this place.
 C = Inter-level travel time spent in this place.
 D = Time resting spent in this place.
 E = Time spent auto-exploring this place.
 F = Levels seen in this place.
 G = Mean time per level.
                   A        B        C        D        E       F      G
               +--------+--------+--------+--------+--------+-----+--------+
         Total |   5678 |   5336 |    342 |      2 |   4687 |   6 |  946.3 |
       Dungeon |   5678 |   5336 |    342 |      2 |   4687 |   6 |  946.3 |
               +--------+--------+--------+--------+--------+-----+--------+

Top non-repeatable levels by time:
     D:3: 1675 daAuts
     D:4: 1281 daAuts
     D:1: 1110 daAuts
     D:2: 913 daAuts
     D:5: 590 daAuts
     D:6: 107 daAuts
